 Dungeon Crawl Stone Soup version 0.20.0-15-g7f486f2 (webtiles) character file.

10 CODWOMAN the Charmwright (level 2, -6/22 HPs)
             Began as a Demonspawn Skald on June 9, 2017.
             Killed by nerve-wracking pain
             ... invoked by an orc priest
              (10 damage)
             ... on level 3 of the Dungeon.
             The game lasted 00:02:56 (392 turns).

CODWOMAN the Charmwright (Demonspawn Skald)          Turns: 392, Time: 00:02:57

Health: -6/22      AC:  6    Str: 11    XL:     2   Next: 10%
Magic:  5/5        EV: 11    Int: 14    God:
Gold:   13         SH:  0    Dex: 12    Spells: 4/5 levels left

rFire    . . .     SeeInvis .   a - +0 falchion
rCold    . . .     Gourm    .   (no shield)
rNeg     . . .     Faith    .   b - +0 leather armour
rPois    .         Spirit   .   (no helmet)
rElec    .         Reflect  .   (no cloak)
rCorr    .         Harm     .   (no gloves)
MR       .....                  k - +2 pair of boots
Stlth    +.........             (no amulet)
Regen    0.1/turn               (no ring)
MPRegen  0.1/turn               (no ring)

@: no status effects
A: talons 1
a: no special abilities


You were on level 3 of the Dungeon.
You were not hungry.

You visited 1 branch of the dungeon, and saw 3 of its levels.

You collected 13 gold pieces.

Inventory:

Hand Weapons
 a - a +0 falchion (weapon)
Missiles
 h - 16 bolts
 q - 19 poisoned needles
Armour
 b - a +0 leather armour (worn)
 k - a +2 pair of boots (worn)
Jewellery
 l - an uncursed amulet of the gourmand {unknown}
Scrolls
 e - 2 scrolls of remove curse {unknown}
 g - a scroll of teleportation {unknown}
 i - a scroll of blinking {unknown}
 j - a scroll of enchant weapon {unknown}
Potions
 f - a potion of flight {unknown}
 p - a potion of curing {unknown}
Books
 c - a book of Battle

   Spells                             Type                      Level
   a - Infusion                       Charms                       1
   b - Shroud of Golubria             Charms/Translocation         2
   c - Song of Slaying                Charms                       2
   d - Spectral Weapon                Hexes/Charms                 3
   e - Regeneration                   Charms/Necromancy            3
Comestibles
 d - 2 bread rations
 m - 3 fruits
 n - a royal jelly
 o - 2 chunks of flesh


   Skills:
 + Level 2.0 Fighting
 + Level 2.0 Long Blades
 + Level 1.0 Armour
 + Level 1.7 Dodging
 + Level 2.0 Spellcasting
 + Level 3.1 Charms


You had 4 spell levels left.
You knew the following spells:

 Your Spells              Type           Power        Failure   Level  Hunger
a - Infusion              Chrm           ##..         9%          1    ##.....


Dungeon Overview and Level Annotations

Branches:
Dungeon (3/15)

Altars:


Innate Abilities, Weirdness & Mutations

You have sharp toenails.


Message History

An orc comes into view. It is wielding a dagger of holy wrath.
The orc shouts!
The orc moves out of view.
The orc shouts!
The frilled lizard bites you.
An orc wizard comes into view. It is wielding a dagger.
The frilled lizard bites you but does no damage.
A frilled lizard and an orc priest come into view.
An orc comes into view.
The orc priest shouts!
The frilled lizard bites you but does no damage.
The orc wizard points at you and mumbles some strange words.
The magic dart hits you!
* * * LOW HITPOINT WARNING * * *
The orc shouts!
The frilled lizard hisses angrily.
The orc hits you with a mace.
* * * LOW HITPOINT WARNING * * *
The orc priest mumbles some strange prayers to Beogh against you.
Pain shoots through your body!
You die...

##.#......... ..
#<# #.##.##
#.#...##
#####......###.#
#..............#
..###.......####
...o..ol....#
...ooo.@....#
.##.........#
#...l........
#.........###
#.#.......#
......######
#.#.#.. #.#....


You could see an orc priest, an orc wizard, 3 orcs and 2 frilled lizards.

Vanquished Creatures
  A leopard gecko (D:1)
  A bat (D:1)
  A giant cockroach (D:1)
  A goblin (D:1)
  2 hobgoblins (D:1)
  A kobold (D:1)
7 creatures vanquished.

Notes
Turn   | Place    | Note
-------+----------+-------------------------------------------
     0 | D:1      | CODWOMAN the Demonspawn Skald began the quest for the Orb.
     0 | D:1      | Reached XP level 1. HP: 16/16 MP: 3/3
   244 | D:1      | Reached skill level 3 in Charms
   292 | D:1      | Reached skill level 1 in Armour
   295 | D:1      | Gained mutation: You have sharp toenails. [demonic ancestry]
   295 | D:1      | Reached XP level 2. HP: 11/22 MP: 0/5
   392 | D:3      | Killed from afar by an orc priest

Skill      XL: |  1 |
---------------+----+-----
Charms         | 3 |  3.1
Long Blades    | 2 |  2.0
Armour         | 1 |  1.0
Fighting       | |  2.0
Dodging        | |  1.7
Spellcasting   | |  2.0

Action                   || total
-------------------------++-------
Melee: Falchion          ||    22
 Cast: Infusion          ||     2
Armor: Leather armour    ||     9
Dodge: Dodged            ||    13
       Rpst.: Falchion   ||     3
